 Dungeon Crawl Stone Soup version 0.31-a0-4-gefa6de2278 (webtiles) character file.

Game seed: 11803526468850917988

1106 BlueFish the Sneak (level 8, -1/54 HPs)
             Began as an Octopode Fighter on May 4, 2023.
             Shot with a bolt by an orc warrior (16 damage)
             ... on level 6 of the Dungeon.
             The game lasted 00:06:52 (4704 turns).

BlueFish the Sneak (Octopode Fighter)               Turns: 4704, Time: 00:06:53

Health: -1/54      AC:  1    Str: 18    XL:     8   Next: 33%
Magic:  11/11      EV: 13    Int: 16    God:
Gold:   313        SH:  9    Dex: 11    Spells: 5/11 levels left

rFire   . . .        b - +0 sling
rCold   . . .        H - +0 buckler
rNeg    . . .        (helmet restricted)
rPois   .            s - amulet of reflection
rElec   .            C - ring of willpower
rCorr   .            F - +6 ring of intelligence
SInv    .            (no ring)
Will    +....        (no ring)
Stlth   ++++         (no ring)
HPRegen 0.29/turn    (no ring)
MPRegen 0.12/turn    (no ring)
                     (no ring)

%: reflection
@: no status effects
A: almost no armour, amphibious, 8 rings, camouflage 1, gelatinous body 1,
(nimble swimmer 1), tentacles
a: no special abilities


You were on level 6 of the Dungeon.
You visited 1 branch of the dungeon, and saw 6 of its levels.

You collected 313 gold pieces.

Inventory:

Hand Weapons
 a - a +3 dagger
 b - a +0 sling (weapon)
 i - a +0 rapier
 v - a +0 dagger of speed
Missiles
 d - 62 stones
 t - 12 poisoned darts
 u - 4 curare-tipped darts
 G - 9 boomerangs
Armour
 H - a +0 buckler (worn)
Jewellery
 f - an amulet of faith
 s - an amulet of reflection (around mantle)
 C - a ring of willpower (left tentacle)
 F - a +6 ring of intelligence (right tentacle)
Wands
 n - a wand of paralysis (10)
 z - a wand of flame (22)
 A - a wand of digging (5)
Scrolls
 h - 5 scrolls of teleportation
 j - a scroll of magic mapping
 k - 2 scrolls of enchant armour
 m - 4 scrolls of blinking
 o - a scroll of amnesia
 w - a scroll of fear {unknown}
 y - 3 scrolls of poison {unknown}
 E - a scroll of enchant weapon {unknown}
 I - a scroll of vulnerability {unknown}
Potions
 c - 2 potions of might
 e - 3 potions of invisibility
 g - 2 potions of heal wounds
 l - 2 potions of lignification
 p - 5 potions of brilliance
 q - 2 potions of flight
 r - 2 potions of mutation
 x - 2 potions of attraction
 B - 2 potions of berserk rage {unknown}
 D - a potion of curing {unknown}


   Skills:
 + Level 4.2 Fighting
 + Level 3.5 Short Blades
 + Level 2.7 Throwing
 + Level 4.1 Dodging
 * Level 5.9 Stealth
 + Level 4.1 Shields
 + Level 2.3 Spellcasting
 * Level 3.4 Translocations
 + Level 2.0 Evocations


You had 5 spell levels left.
You knew the following spells:

 Your Spells              Type           Power      Damage    Failure   Level
a - Blink                 Tloc           24%        N/A       10%         2
b - Lesser Beckoning      Tloc           24%        N/A       10%         2
c - Momentum Strike       Conj/Tloc      14%        3d8       19%         2

Your spell library contained the following spells:

 Spells                   Type           Power      Damage    Failure   Level
 Cigotuvi's Dreadful Rot  Necr/Pois/Air  2%         N/A       36%         2
 Volatile Blastmotes      Fire/Tloc      14%        2d11      36%         3
 Dazzling Flash           Conj/Hex       2%         N/A       58%         3
 Ignite Poison            Fire/Tmut/Pois 1%         N/A       58%         3
 Iskenderun's Mystic Bla  Conj/Tloc      7%         2d4       77%         4
 Freezing Cloud           Conj/Ice/Air   0%         6-21      100%        5
 Starburst                Conj/Fire      0%         6d3       100%        6


Dungeon Overview and Level Annotations

Branches:
Dungeon (6/15)
 Temple: D:4-7

Altars:
Ru
Sif Muna
Trog
Uskayaw

Annotations:
D:5 1 runed translucent door, BlasphemerAmon's ghost, weakling DgDe


Innate Abilities, Weirdness & Mutations

You cannot wear most types of armour.
You are amphibious.
You can wear up to eight rings at the same time.
Your skin changes colour to match your surroundings (Stealth+).
Your rubbery body absorbs attacks. (AC +1, EV +1)
((You are camouflaged when in or above water. (Stealth+)))
You have tentacles for arms and can constrict up to eight enemies at once.


Message History

You hit the sleepcap. You squeeze the sleepcap.
The sleepcap is severely damaged.
You constrict the sleepcap.
You hear a shout!
You hit the sleepcap. You squeeze the sleepcap.
The sleepcap is almost destroyed.
You constrict the sleepcap. You block the sleepcap's attack.
You hit the sleepcap but do no damage. You squeeze the sleepcap.
You destroy the sleepcap!
The orc warrior unwields a +0 flail.
The orc warrior wields a +0 arbalest.
The orc warrior shoots a bolt.
You block the bolt with an invisible shield... and reflect it back!
The bolt closely misses the orc warrior.
You hear a shout!
Your Evocations skill increases to level 2!
b - a +0 sling (weapon)
Fire: b) +0 sling
Press: ? - help, Q - select action, (/) - cycle Shift-Dir - straight line, f - orc warrior
Aim: an orc warrior, wielding a +0 arbalest and wearing a +0 chain mail (50% to hit)
You shoot a sling bullet.
The sling bullet closely misses the orc warrior.
The orc warrior shoots a bolt.
The bolt hits you!!
The orc warrior shoots a bolt.
The bolt hits you!!
* * * LOW HITPOINT WARNING * * *
You hear a shout! x2
You feel much better.
The orc warrior shoots a bolt.
The bolt hits you!
Fire: b) +0 sling
Press: ? - help, Q - select action, (/) - cycle Shift-Dir - straight line, f/p - orc warrior
Aim: an orc warrior, wielding a +0 arbalest and wearing a +0 chain mail (50% to hit)
You shoot a sling bullet. The sling bullet hits the orc warrior.
The orc warrior is lightly wounded.
The orc warrior shoots a bolt.
The bolt closely misses you.
An orc priest comes into view. It is wielding a +0 war axe.
The orc warrior shoots a bolt.
The bolt closely misses you.
The orc warrior shoots a bolt.
The bolt hits you!!
* * * LOW HITPOINT WARNING * * *
You feel much better.
The orc warrior shoots a bolt.
The bolt hits you!!
* * * LOW HITPOINT WARNING * * *
The orc warrior shoots a bolt.
The bolt hits you!
You die...

... #......# ###... ...o#
#######...## ####.
...o..###...#####..####..##
#.......o....# ##...#.....
#########....## ##........
#......## #........
#.......## ##.......
#........###....#...
#..@..#.......###...
#......#.....## #...
#......##...## #...
#....>.###### #...
##......#..# #...
#.........## ##..
#..........# #..
##..........## #.. ####
##............## #..


You could see an orc warrior.

Vanquished Creatures
  A steam dragon (D:6)
  An ogre (D:5)
  A phantom (D:6)
  3 scorpions (D:5)
  3 killer bees (D:5)
  2 jellies
  2 orc priests
  2 sleepcaps (D:6)
  A hound (D:4)
  5 iguanas
  Natasha (D:4)
  6 adders
  A shadow imp (D:5)
  An ufetubus (D:6)
  A worm (D:4)
  A dart slug (D:1)
  14 orcs
  5 bats
  3 endoplasms
  3 goblins
  4 hobgoblins
  8 kobolds
  2 quokkas (D:2)
  8 ball pythons
  5 frilled lizards
  6 rats
90 creatures vanquished.

Notes
Turn   | Place    | Note
-------+----------+-------------------------------------------
     0 | D:1      | BlueFish the Octopode Fighter began the quest for the Orb.
     0 | D:1      | Reached XP level 1. HP: 16/16 MP: 1/1
   118 | D:1      | Reached skill level 1 in Stealth
   177 | D:1      | Reached XP level 2. HP: 21/21 MP: 2/2
   682 | D:2      | Reached skill level 2 in Stealth
   682 | D:2      | Reached XP level 3. HP: 26/26 MP: 3/3
  1017 | D:2      | Reached skill level 1 in Throwing
  1017 | D:2      | Reached XP level 4. HP: 16/31 MP: 3/5
  1222 | D:3      | Found a shimmering blue altar of Sif Muna.
  1240 | D:3      | Learned a level 2 spell: Blink
  1243 | D:3      | Learned a level 2 spell: Lesser Beckoning
  1395 | D:3      | Reached skill level 1 in Spellcasting
  1930 | D:4      | Reached skill level 3 in Stealth
  1967 | D:4      | Reached XP level 5. HP: 30/36 MP: 6/6
  2048 | D:4      | Reached skill level 1 in Translocations
  2199 | D:4      | Noticed Natasha
  2206 | D:4      | Killed Natasha
  2245 | D:4      | Reached XP level 6. HP: 29/42 MP: 6/8
  2386 | D:4      | Reached skill level 4 in Stealth
  2523 | D:5      | Entered Level 5 of the Dungeon
  2529 | D:5      | Learned a level 2 spell: Momentum Strike
  2674 | D:5      | Reached XP level 7. HP: 27/47 MP: 9/9
  3096 | D:5      | Reached skill level 1 in Evocations
  3139 | D:5      | Found a runed translucent door.
  3139 | D:5      | Noticed BlasphemerAmon's ghost (weakling DgDe)
  3306 | D:5      | Reached skill level 5 in Stealth
  3673 | D:6      | Reached XP level 8. HP: 38/54 MP: 11/11
  4322 | D:6      | Found a hide-covered altar of Uskayaw.
  4328 | D:6      | Found a sacrificial altar of Ru.
  4333 | D:6      | Found a bloodstained altar of Trog.
  4704 | D:6      | Shot with a bolt by an orc warrior

Illustrated notes

Levels and vault maps discovered:
D:1:      co_arrival_random_square_maze, layout_rooms
D:2:      layout_basic, amcnicky_mini_rare_corridor_liquid,
          minmay_misc_feat_doors, minmay_pentomino_u4
D:3:      layout_basic, nicolae_sif_muna_condensation, serial_bayou,
          serial_bayou_shore_b, serial_bayou_lagoon_a, serial_bayou_shore_b,
          serial_bayou_pond_b
D:4:      layout_rooms, kennysheep_generic_room_6, uniq_natasha
D:5:      layout_rooms, gammafunk_ghost_grave, grunt_ministairs_8
D:6:      layout_layer_cave, minmay_overflow_temple_star_quad

Skill      XL: |  1  2  3  4  5  6  7  8 |
---------------+-------------------------+-----
Stealth        | 1 2 3 4 5 |  5.9
Throwing       | 1 2 |  2.7
Spellcasting   | 1 2 |  2.3
Translocations | 1 2 3 |  3.4
Short Blades   | 3 |  3.5
Evocations     | 1 2 |  2.0
Fighting       | 4 |  4.2
Dodging        | 4 |  4.1
Shields        | 4 |  4.1

Action                     |  1- 3 |  4- 6 |  7- 9 || total
---------------------------+-------+-------+-------++-------
  Melee: Rapier            |    12 |       |       ||    12
         Tentacles         |    12 |    28 |    25 ||    65
         Constrict         |    13 |    21 |    15 ||    49
         Dagger            |    36 |    90 |    91 ||   217
         Punch             |     1 |       |     1 ||     2
   Fire: Sling             |       |       |    11 ||    11
  Throw: Stone             |       |       |     3 ||     3
    Use: Scroll            |       |    11 |     2 ||    13
         Potion            |       |       |     3 ||     3
   Stab: Sleeping          |    10 |     7 |     2 ||    19
 Armour: Skin              |     2 |     3 |     3 ||     8
  Dodge: Dodged            |    13 |    33 |    50 ||    96
  Block: Buckler           |     7 |    20 |    20 ||    47
         Reflection        |       |       |     1 ||     1

Table legend: (Time is in decaauts)
 A = Elapsed time spent in this place.
 B = Non-inter-level travel time spent in this place.
 C = Inter-level travel time spent in this place.
 D = Time resting spent in this place.
 E = Time spent auto-exploring this place.
 F = Levels seen in this place.
 G = Mean time per level.
                   A        B        C        D        E       F      G
               +--------+--------+--------+--------+--------+-----+--------+
         Total |   4656 |   4395 |    261 |    133 |   3530 |   6 |  776.0 |
       Dungeon |   4656 |   4395 |    261 |    133 |   3530 |   6 |  776.0 |
               +--------+--------+--------+--------+--------+-----+--------+

Top non-repeatable levels by time:
     D:5: 1168 daAuts
     D:6: 1000 daAuts
     D:3: 704 daAuts
     D:2: 640 daAuts
     D:4: 573 daAuts
     D:1: 568 daAuts
